 Dungeon Crawl Stone Soup version 0.26.1-11-gd32895ea62 (webtiles) character file.

Game seed: 5342629124360736289

98 dtburroughs the Chopper (level 4, -3/41 HPs)
             Began as a Minotaur Berserker on July 6, 2021.
             Was a Believer of Trog.
             Slain by a wyvern (17 damage)
             ... on level 4 of the Dungeon.
             The game lasted 00:02:27 (2666 turns).

dtburroughs the Chopper (Minotaur Berserker)        Turns: 2666, Time: 00:02:27

Health: -3/41      AC:  2    Str: 22    XL:     4   Next: 43%
Magic:  3/3        EV: 13    Int:  5    God:    Trog [**....]
Gold:   164        SH:  0    Dex:  9    Spells: 3/3 levels left

rFire    . . .     SeeInvis .   a - +0 hand axe
rCold    . . .     Faith    .   (no shield)
rNeg     . . .     Spirit   .   b - +0 animal skin
rPois    .         Reflect  .   (helmet restricted)
rElec    .         Harm     .   (no cloak)
rCorr    .         Rampage  .   (no gloves)
Will     .....                  (no boots)
Stlth    +.........             (no amulet)
HPRegen  0.13/turn              (no ring)
MPRegen  0.08/turn              (no ring)

@: no status effects
A: retaliatory headbutt, horns 2
a: Renounce Religion, Berserk, Trog's Hand


You were on level 4 of the Dungeon.
You worshipped Trog.
Trog was pleased with you.
You visited 1 branch of the dungeon, and saw 6 of its levels.

You collected 164 gold pieces.

Inventory:

Hand Weapons
 a - a +0 hand axe (weapon)
Armour
 b - a +0 animal skin (worn)
 p - a +0 ring mail
Jewellery
 h - an uncursed amulet of the acrobat {unknown}
 q - a cursed amulet of inaccuracy {unknown}
Scrolls
 c - 2 scrolls of remove curse {unknown}
 d - a scroll of fear {unknown}
 e - a scroll of immolation {unknown}
 g - 3 scrolls of teleportation {unknown}
 l - a scroll of blinking {unknown}
 m - a scroll of random uselessness {unknown}
 n - a scroll of amnesia {unknown}
Potions
 f - a potion of degeneration {unknown}
 i - 3 potions of cancellation {unknown}
 j - a potion of curing {unknown}
 k - a potion of attraction {unknown}
 o - a potion of haste {unknown}


   Skills:
 + Level 4.4 Fighting
 + Level 4.4 Axes
 + Level 3.5 Armour
 + Level 3.2 Dodging


You had 3 spell levels left.
You didn't know any spells.
Your spell library was empty.

Dungeon Overview and Level Annotations

Branches:
Dungeon (6/15)
 Temple: D:4-7

Altars:
Cheibriados
Okawaru
Qazlal
Zin

Annotations:
D:3 2 transporters


Innate Abilities, Weirdness & Mutations

You reflexively headbutt those who attack you in melee.
You have a pair of horns on your head.


Message History

You headbutt the adder.
You kill the adder!
Trog accepts your kill.
You start resting.
You feel sick. x10
You are no longer poisoned.
You start resting.
HP restored.
You start waiting.
Done waiting.
You climb upwards.
The wyvern hisses angrily.
Found 2 viscous silvery potions and a ring mail.
There is a stone staircase leading down here.
You hit the wyvern.
The wyvern is lightly wounded.
The wyvern bites you! x2
You closely miss the wyvern.
The wyvern is lightly wounded.
The wyvern bites you! x2
You die...

#.....[......
#............
###............
......!........
...............
...............
........l......
.......@.......
..........###..
...........#
..PP......##
♣.....PP...
P♣♣♣.♣P..... ♣♣
♣PP.##. P....
..


You could see a wyvern.

Vanquished Creatures
  2 adders
  2 worms
  3 dart slugs (D:1)
  A leopard gecko (D:1)
  2 orcs (D:5)
  2 ball pythons (D:1)
  4 bats
  2 giant cockroaches
  4 goblins
  8 hobgoblins
  5 jackals
  7 kobolds (D:1)
  A quokka (D:2)
  A frilled lizard (D:1)
  22 rats
66 creatures vanquished.

Vanquished Creatures (others)
  10 plants (D:1)
10 creatures vanquished.

Grand Total: 76 creatures vanquished

Notes
Turn   | Place    | Note
-------+----------+-------------------------------------------
     0 | D:1      | dtburroughs the Minotaur Berserker began the quest for the
                  | Orb.
     0 | D:1      | Reached XP level 1. HP: 19/19 MP: 0/0
   128 | D:1      | Found an iron altar of Okawaru.
   132 | D:1      | Reached XP level 2. HP: 17/27 MP: 1/1
   530 | D:1      | Reached ** piety under Trog
   531 | D:1      | Reached XP level 3. HP: 31/33 MP: 2/2
  1435 | D:2      | Found a stormy altar of Qazlal.
  1436 | D:2      | Found a glowing silver altar of Zin.
  1606 | D:2      | Reached XP level 4. HP: 36/40 MP: 3/3
  2075 | D:3      | Found a snail-covered altar of Cheibriados.
  2187 | D:3      | Found a transporter.
  2188 | D:3      | Found a transporter.
  2211 | D:3      | You fall into a shaft and drop 3 floors!
  2213 | D:6      | Noticed an ogre
  2219 | D:5      | Entered Level 5 of the Dungeon
  2660 | D:4      | Noticed a wyvern
  2666 | D:4      | Slain by a wyvern

Illustrated notes

Levels and vault maps discovered:
D:1:      dpeg_arrival_erosion, layout_loops_ring, serial_bayou_pond_c,
          okawaru_ov_weapons_minmay
D:2:      layout_basic, grunt_temple_overflow_open, minmay_rat_hole
D:3:      layout_rooms, nicolae_overflow_hidden_temple,
          nicolae_overflow_crystal_walls, gammafunk_ghost_gnarly_gnolls
D:4:      layout_cave_pools, fedhas_altar_4, lemuel_zombie_altar_yredelemnul,
          serial_forest, infiniplex_forest_end_2, infiniplex_forest_clump_long,
          infiniplex_forest_lined_1, infiniplex_forest_clump_tiny,
          infiniplex_forest_straight_4, infiniplex_forest_clump_double
D:5:      layout_basic
D:6:      layout_basic, vehumet_crystals, minmay_temple_entry_drinking_statues,
          serial_shops, shop

Skill      XL: |  1  2  3 |
---------------+----------+-----
Axes           | 4 |  4.4
Fighting       | 4 |  4.4
Armour         | 3 |  3.5
Dodging        | 3 |  3.2

Action                   |  1- 3 |  4- 6 || total
-------------------------+-------+-------++-------
Melee: Hand axe          |    72 |    35 ||   107
       Headbutt          |    19 |     2 ||    21
 Stab: Sleeping          |     1 |       ||     1
Armor: Animal skin       |    17 |     4 ||    21
Dodge: Dodged            |    54 |    27 ||    81
